 Dungeon Crawl Stone Soup version 0.18.1-48-g4cf74bf (webtiles) character file.

28 GlaceonGamingDJ the Sneak (level 3, 0/18 HPs)
             Began as a Spriggan Assassin on July 1, 2016.
             Slain by a giant newt (2 damage)
             ... on level 3 of the Dungeon.
             The game lasted 00:06:36 (1800 turns).

GlaceonGamingDJ the Sneak (Spriggan Assassin)       Turns: 1800, Time: 00:06:37

Health: 0/18       AC:  3    Str:  8    XL:     3   Next: 0%
Magic:  4/4        EV: 17    Int: 12    God:
Gold:   55         SH:  0    Dex: 17    Spells: 1 memorised, 1 level left

rFire  . . .     SeeInvis +     a - +2 dagger
rCold  . . .     Gourm    +     c - +0 robe
rNeg   . . .     Faith    .     (shield restricted)
rPois  .         Spirit   .     (helmet restricted)
rElec  .         Dismiss  .     d - +0 cloak
rCorr  .         Reflect  .     (gloves unavailable)
SustAt .         Harm     .     (boots unavailable)
MR     .....                    j - amulet of the gourmand
Stlth  ++++......               (no ring)
                                (no ring)

@: very quick, not resistant to hostile enchantments, stealthy
A: unfitting armour, see invisible, herbivore 3, speed 3, slow metabolism 2
a: no special abilities


You were on level 3 of the Dungeon.
You were full.

You visited 1 branch of the dungeon, and saw 3 of its levels.

You collected 55 gold pieces.

Inventory:

Hand Weapons
 a - a +2 dagger (weapon)
 b - a +0 blowgun
Missiles
 e - 8 poisoned needles
 f - 2 curare-tipped needles
Armour
 c - a +0 robe (worn)
 d - a +0 cloak (worn)
Jewellery
 j - an amulet of the gourmand (around neck)
Scrolls
 g - 2 scrolls of immolation {unknown}
 k - a scroll of enchant weapon {unknown}
Potions
 h - a potion of curing
Books
 l - a book of Necromancy

   Spells                             Type                      Level
   a - Pain                           Necromancy                   1
   b - Animate Skeleton               Necromancy                   1
   c - Vampiric Draining              Necromancy                   3
   d - Regeneration                   Charms/Necromancy            3
   e - Animate Dead                   Necromancy                   4
   f - Control Undead                 Necromancy                   4
Comestibles
 i - a meat ration


   Skills:
 + Level 1.7 Fighting
 + Level 2.2 Short Blades
 + Level 2.1 Throwing
 + Level 2.4 Dodging
 + Level 6.8 Stealth


You had one spell level left.
You knew the following spells:

 Your Spells              Type           Power        Failure   Level  Hunger
a - Animate Skeleton      Necr           N/A          34%         1    ##.....


Dungeon Overview and Level Annotations

Branches:
Dungeon (3/15)

Altars:

Annotations:
D:3 Ijyb


Innate Abilities, Weirdness & Mutations

You are tiny and cannot use many weapons and most armour.
You have supernaturally acute eyesight.
You are a herbivore.
You cover ground extremely quickly.
You need consume almost no food.


Message History

Ijyb is lightly wounded.
The giant newt completely misses you. Ijyb completely misses you.
You hit Ijyb.
Ijyb is moderately wounded.
The giant newt barely misses you. Ijyb hits you but does no damage.
You hit Ijyb.
Ijyb is moderately wounded.
The giant newt closely misses you. Ijyb hits you but does no damage.
You miss Ijyb.
Ijyb is moderately wounded.
The giant newt misses you.
You hit Ijyb but do no damage.
Ijyb is moderately wounded.
Ijyb hits you with a club.
* * * LOW HITPOINT WARNING * * *
The giant newt completely misses you.
You hit Ijyb but do no damage.
Ijyb is moderately wounded.
Ijyb hits you but does no damage. The giant newt bites you.
You die...

##############.#.. ##
#.................#..
....................# #
.........$..........##.#
.....................#.#
........................
.....................# ........
.......@..........<..# ........
..$....gl............# ........
.....................#
..?..........$................#
.............................##
.............................#
......S......................#
....l........................#
.............................#


You could see Ijyb and a giant newt.

Vanquished Creatures
  An ooze (D:3)
  A ball python (D:1)
  4 bats
  3 giant cockroaches
  2 goblins
  2 hobgoblins
  2 quokkas (D:2)
  A giant newt (D:2)
  3 kobolds
  A rat (D:2)
  2 bushes (D:2)
  4 plants (D:2)
26 creatures vanquished.

Notes
Turn   | Place    | Note
--------------------------------------------------------------
     0 | D:1      | GlaceonGamingDJ the Spriggan Assassin began the quest for the Orb.
     0 | D:1      | Reached XP level 1. HP: 10/10 MP: 2/2
    20 | D:1      | Reached skill level 6 in Stealth
   683 | D:2      | Reached XP level 2. HP: 9/14 MP: 3/3
  1456 | D:2      | Found a faded altar to an unknown god.
  1730 | D:3      | Learned a level 1 spell: Animate Skeleton
  1773 | D:3      | Noticed Ijyb
  1793 | D:3      | Reached XP level 3. HP: 4/18 MP: 4/4
  1800 | D:3      | Slain by a giant newt

Skill      XL: |  1  2 |
---------------+-------+-----
Stealth        | 6 |  6.8
Dodging        | 2 |  2.4
Fighting       | |  1.7
Short Blades   | |  2.2
Throwing       | |  2.1

Action                   || total
-------------------------++-------
Melee: Dagger            ||  1097
  Use: Potion            ||     3
 Stab: Sleeping          ||     4
  Eat: Bread ration      ||     1
Armor: Robe              ||    18
Dodge: Dodged            ||   103
